Kings vs Rangers

Created - January 16, 2020 at 19:19

Goals
1 2 3 T
Kings 3 3 2 8
Rangers 0 1 3 4
Shots
1 2 3 T
Kings 5 10 11 26
Rangers 5 18 12 35

1st period

1. Kings , Patrick Marleau 4 (Peter Regin 6, T.J. Oshie 7) at 1:26
2. Kings , Peter Regin 2 (Jeff Schultz 17) at 14:12
3. Kings , Anze Kopitar 20 (Jaden Schwartz 24, Zack Kassian 15) at 14:16

Penalties :
Maxim Afinogenov (LAK) for Hooking (Minor) at 10:46, Jakob Silfverberg (NYR) for Boarding (Minor) at 14:21

2nd period

4. Kings , Anze Kopitar 21 (Jaden Schwartz 25, Zack Kassian 16) at 0:36
5. Rangers , Patrice Bergeron 10 (Milan Lucic 30, Gustav Nyquist 4) at 0:54
6. Kings , Zack Kassian 8 (Victor Hedman 13, Nathan MacKinnon 6) at 15:53 (PP)
7. Kings , Kris Versteeg 15 (Nathan MacKinnon 7) at 18:15

Penalties :
Mark Fistric (NYR) for Tripping (Minor) at 15:42, Jaden Schwartz (LAK) for Boarding (Minor) at 18:48

3rd period

8. Rangers , Magnus Paajarvi-Svensson 2 (Maxime Sauvé 4, Matt Read 9) at 11:16
9. Rangers , Patrice Bergeron 11 (Milan Lucic 31) at 11:20
10. Kings , T.J. Oshie 6 (Peter Regin 7, Victor Hedman 14) at 13:25
11. Rangers , Gustav Nyquist 4 (Milan Lucic 32, Luke Schenn 18) at 17:08
12. Kings , Maxim Afinogenov 9 (Radko Gudas 10, Matt Martin 8) at 18:17

Penalties :
Gustav Nyquist (NYR) for Tripping (Minor) at 6:33

Goalie Stats

Philipp Grubauer (LAK), 31 saves from 35 shots - (0.886), W, 16-10-0, 60:00 minutes
Mike Condon (NYR), 15 saves from 19 shots - (0.789), L, 1-4-2, 39:24 minutes
Frederik Andersen (NYR), 3 saves from 7 shots - (0.429), 20:36 minutes

Players Stats for Kings

Player Name              G  A  P  +/- PIM S  H  SB GA TA FO     MP     PP MP  PK MP  
------------------------------------------------------------------------------------
Anze Kopitar             2  0  2   1  0   3  2  1  2  1  8/17   18:12   1:52   0:55 
Brayden Point            0  0  0   0  0   0  1  2  0  0  1/6    12:48   1:53   0:00 
Dan Hamhuis              0  0  0  -2  0   0  0  1  0  0  0/0    18:34   0:18   1:22 
Hampus Lindholm          0  0  0   3  0   0  0  0  0  0  0/0    19:47   1:59   0:00 
Jaden Schwartz           0  2  2   1  2   2  0  0  1  0  1/2    18:45   2:15   0:51 
Jeff Schultz             0  1  1   3  0   0  2  3  0  1  0/0    21:59   1:25   2:36 
Kris Versteeg            1  0  1  -1  0   3  3  0  0  0  0/0    17:31   1:53   0:00 
Matt Martin              0  1  1   0  0   3  0  0  1  1  1/3    13:56   0:11   2:12 
Maxim Afinogenov         1  0  1   0  2   2  1  0  1  0  2/2    12:59   0:11   1:16 
Morgan Rielly            0  0  0  -2  0   1  1  2  0  0  0/0    20:10   0:45   2:36 
Nathan MacKinnon         0  2  2  -1  0   2  2  0  0  0  8/22   17:43   2:05   0:00 
Patrick Marleau          1  0  1   3  0   1  0  0  0  0  0/0    10:43   0:00   1:16 
Peter Regin              1  2  3   3  0   2  0  1  0  0  2/5    10:53   0:00   1:26 
Radko Gudas              0  1  1   2  0   0  2  1  0  1  0/0    19:17   0:00   1:22 
Sean Bergenheim          0  0  0  -1  0   2  0  0  1  0  2/3    17:31   1:53   0:00 
T.J. Oshie               1  1  2   3  0   1  0  0  0  0  0/0     9:41   0:01   0:00 
Victor Hedman            0  2  2   2  0   0  1  3  0  1  0/0    18:11   1:59   0:00 
Zack Kassian             1  2  3   1  0   4  1  0  0  0  1/1    17:20   2:05   0:00 

Players Stats for Rangers

Player Name              G  A  P  +/- PIM S  H  SB GA TA FO     MP     PP MP  PK MP  
------------------------------------------------------------------------------------
Cam Barker               0  0  0  -1  0   2  2  3  0  1  0/0    27:40   1:38   2:33 
Chris Bourque            0  0  0  -3  0   3  0  1  0  0  1/2    17:56   1:38   0:44 
Colten Teubert           0  0  0   0  0   2  0  2  0  0  0/0    13:53   0:00   1:36 
Gustav Nyquist           1  1  2   3  2   2  1  0  0  0  1/1    13:52   0:06   0:00 
Jakob Silfverberg        0  0  0  -4  2   1  2  1  1  0  0/0    16:23   2:06   0:00 
James Neal               0  0  0  -4  0   1  1  0  0  0  1/1    15:59   1:46   0:00 
Kyle Okposo              0  0  0  -3  0   2  3  0  0  0  1/1    16:55   1:46   0:00 
Luke Schenn              0  1  1  -1  0   0  3  0  0  2  0/0    27:05   2:20   1:36 
Magnus Paajarvi-Svensson 1  0  1   1  0   2  0  0  0  0  0/0     9:06   0:06   0:00 
Mark Fistric             0  0  0  -2  2   3  0  1  0  0  0/0    18:28   0:00   2:22 
Matt Greene              0  0  0  -2  0   1  0  3  0  0  0/0    16:18   0:00   0:11 
Matt Read                0  1  1   1  0   3  0  0  1  0  0/0     9:47   0:00   1:08 
Maxime Sauvé             0  1  1   1  0   1  1  0  0  0  2/5     9:47   0:00   1:08 
Milan Lucic              0  3  3   3  0   3  1  0  2  0  1/2    18:07   2:06   2:17 
Patrice Bergeron         2  0  2   3  0   3  3  1  1  0  12/19  18:07   2:06   2:17 
Patrik Nemeth            0  0  0   0  0   2  0  0  0  2  0/0    11:59   0:00   0:00 
Sean Couturier           0  0  0  -4  0   0  1  1  0  1  9/17   16:41   1:46   0:37 
Tomas Hertl              0  0  0  -3  0   4  2  0  0  0  7/13   17:45   2:26   0:07 

3 Stars

1 - Peter Regin (LAK)
2 - Anze Kopitar (LAK)
3 - Zack Kassian (LAK)

Power Play

Kings - 1 on 3 Attempt(s) - 33.33%
Rangers - 0 on 2 Attempt(s) - 0.00%

Penalty Kill

Kings - 2 on 2 Attempt(s) - 100.00% - Score 0 goal in Penalty Kill
Rangers - 2 on 3 Attempt(s) - 66.67% - Score 0 goal in Penalty Kill

Team Stat

Kings - Hits : 16 - Faceoff Wins : 26 - Blocked Shots : 14 - Penalty Minutes : 4
Rangers - Hits : 20 - Faceoff Wins : 35 - Blocked Shots : 13 - Penalty Minutes : 6

Official

Referees : Unknown
Linesman : Unknown

Game Notes

Mike Condon enters game at 0:36 of 2nd period

Finance

Level 1 -- Attendance: 5664 (94.40%) -- Ticket Income $538,080
Level 2 -- Attendance: 4901 (98.02%) -- Ticket Income $294,060
Level 3 -- Attendance: 2000 (100.00%) -- Ticket Income $70,000
Level 4 -- Attendance: 4000 (100.00%) -- Ticket Income $100,000
Luxury Box -- Attendance: 905 (90.50%) -- Ticket Income $162,900
Game was played at the Madison Square Garden.
Total Attendance: 17470 (97.06%)
Total Ticket Income: $1,165,040
Other Income: $174,756
Total Income: $1,339,796

Kings

5 vs 5 Forward 
   Center                   Left Wing                Right Wing               Time % Phy DF OF 
 1 Anze Kopitar             Jaden Schwartz           Zack Kassian             35     1   2  2  
 2 Nathan MacKinnon         Sean Bergenheim          Kris Versteeg            35     1   2  2  
 3 Brayden Point            Matt Martin              Maxim Afinogenov         25     1   2  2  
 4 Peter Regin              Patrick Marleau          T.J. Oshie               5      0   3  2  

5 vs 5 Defense 
   Defense                  Defense                                           Time % Phy DF OF 
 1 Hampus Lindholm          Jeff Schultz                                      35     0   3  2  
 2 Victor Hedman            Radko Gudas                                       35     1   2  2  
 3 Morgan Rielly            Dan Hamhuis                                       30     1   3  1  
 4 Morgan Rielly            Radko Gudas                                       0      1   2  2  

PowerPlay Forward 
   Center                   Left Wing                Right Wing               Time % Phy DF OF 
 1 Nathan MacKinnon         Jaden Schwartz           Zack Kassian             60     1   0  4  
 2 Brayden Point            Sean Bergenheim          Kris Versteeg            40     1   0  4  

PowerPlay Defense
   Defense                  Defense                                           Time % Phy DF OF 
 1 Hampus Lindholm          Victor Hedman                                     60     0   2  3  
 2 Jeff Schultz             Anze Kopitar                                      40     0   2  3  

Penalty Kill 4 Players Forward 
   Center                   Wing                     Time % Phy DF OF 
 1 Matt Martin              Maxim Afinogenov         60     1   3  1  
 2 Peter Regin              Patrick Marleau          40     1   3  1  

Penalty Kill 4 Players Defense
   Defense                  Defense                  Time % Phy DF OF 
 1 Jeff Schultz             Morgan Rielly            60     1   4  0  
 2 Radko Gudas              Dan Hamhuis              40     1   4  0  

Penalty Kill - 3 Players Forward 
   Forward                                           Time % Phy DF OF 
 1 Zack Kassian                                      60     1   3  1  
 2 Anze Kopitar                                      40     1   3  1  

Penalty Kill - 3 Players Defense
   Defense                  Defense                  Time % Phy DF OF 
 1 Jeff Schultz             Morgan Rielly            60     1   4  0  
 2 Hampus Lindholm          Radko Gudas              40     1   4  0  

4 vs 4 Forward 
   Center                   Wing                     Time % Phy DF OF 
 1 Anze Kopitar             Kris Versteeg            60     1   2  2  
 2 Nathan MacKinnon         Zack Kassian             40     1   1  3  

4 vs 4 Defense
   Defense                  Defense                  Time % Phy DF OF 
 1 Victor Hedman            Jeff Schultz             60     1   2  2  
 2 Hampus Lindholm          Radko Gudas              40     1   2  2  

Last Minutes Offensive
   Center                   Left Wing                Right Wing               Defense                  Defense                  
   Anze Kopitar             Jaden Schwartz           Zack Kassian             Hampus Lindholm          Victor Hedman            

Last Minutes Defensive
   Center                   Left Wing                Right Wing               Defense                  Defense                  
   Anze Kopitar             Sean Bergenheim          Zack Kassian             Jeff Schultz             Radko Gudas              

Goaltenders
Starting : Philipp Grubauer         
Backup : Antti Niemi              

Extra Forwards
Normal : Zack Kassian, Kris Versteeg, Maxim Afinogenov - PP : Maxim Afinogenov, Matt Martin - PK : Anze Kopitar
Extra Defensemen
Normal : Hampus Lindholm, Victor Hedman, Dan Hamhuis - PP : Morgan Rielly - PK : Hampus Lindholm, Victor Hedman
Penalty Shots
Jaden Schwartz, Kris Versteeg, Anze Kopitar, Peter Regin, Matt Martin

Scratches
Mika Zibanejad (Healthy), Darnell Nurse (Healthy)

Rangers

5 vs 5 Forward 
   Center                   Left Wing                Right Wing               Time % Phy DF OF 
 1 Patrice Bergeron         Milan Lucic              Gustav Nyquist           30     1   2  2  
 2 Sean Couturier           James Neal               Jakob Silfverberg        30     1   2  2  
 3 Tomas Hertl              Chris Bourque            Kyle Okposo              30     1   2  2  
 4 Maxime Sauvé             Magnus Paajarvi-Svensson Matt Read                10     1   2  2  

5 vs 5 Defense 
   Defense                  Defense                                           Time % Phy DF OF 
 1 Luke Schenn              Cam Barker                                        40     1   2  2  
 2 Mark Fistric             Matt Greene                                       30     1   2  2  
 3 Colten Teubert           Patrik Nemeth                                     20     1   2  2  
 4 Luke Schenn              Cam Barker                                        10     1   2  2  

PowerPlay Forward 
   Center                   Left Wing                Right Wing               Time % Phy DF OF 
 1 Patrice Bergeron         Milan Lucic              Jakob Silfverberg        60     1   2  2  
 2 Sean Couturier           James Neal               Kyle Okposo              40     1   2  2  

PowerPlay Defense
   Defense                  Defense                                           Time % Phy DF OF 
 1 Luke Schenn              Tomas Hertl                                       60     1   2  2  
 2 Cam Barker               Chris Bourque                                     40     1   2  2  

Penalty Kill 4 Players Forward 
   Center                   Wing                     Time % Phy DF OF 
 1 Patrice Bergeron         Milan Lucic              60     1   2  2  
 2 Matt Read                Maxime Sauvé             40     1   2  2  

Penalty Kill 4 Players Defense
   Defense                  Defense                  Time % Phy DF OF 
 1 Cam Barker               Mark Fistric             60     1   2  2  
 2 Luke Schenn              Colten Teubert           40     1   2  2  

Penalty Kill - 3 Players Forward 
   Forward                                           Time % Phy DF OF 
 1 Patrice Bergeron                                  60     1   2  2  
 2 Maxime Sauvé                                      40     1   2  2  

Penalty Kill - 3 Players Defense
   Defense                  Defense                  Time % Phy DF OF 
 1 Cam Barker               Mark Fistric             60     1   2  2  
 2 Luke Schenn              Colten Teubert           40     1   2  2  

4 vs 4 Forward 
   Center                   Wing                     Time % Phy DF OF 
 1 Tomas Hertl              Gustav Nyquist           60     1   2  2  
 2 Sean Couturier           Milan Lucic              40     1   2  2  

4 vs 4 Defense
   Defense                  Defense                  Time % Phy DF OF 
 1 Mark Fistric             Colten Teubert           60     1   2  2  
 2 Matt Greene              Patrik Nemeth            40     1   2  2  

Last Minutes Offensive
   Center                   Left Wing                Right Wing               Defense                  Defense                  
   Sean Couturier           Milan Lucic              Jakob Silfverberg        Luke Schenn              James Neal               

Last Minutes Defensive
   Center                   Left Wing                Right Wing               Defense                  Defense                  
   Matt Read                Jakob Silfverberg        Kyle Okposo              Cam Barker               Mark Fistric             

Goaltenders
Starting : Frederik Andersen        
Backup : Mike Condon              

Extra Forwards
Normal : Milan Lucic, Jakob Silfverberg, Kyle Okposo - PP : Milan Lucic, Jakob Silfverberg - PK : Milan Lucic
Extra Defensemen
Normal : Mark Fistric, Cam Barker, Luke Schenn - PP : Mark Fistric - PK : Cam Barker, Mark Fistric
Penalty Shots
Milan Lucic, Jakob Silfverberg, Patrice Bergeron, Sean Couturier, Matt Read

Scratches
Alexei Emelin (Healthy)

% Time on Ice - Kings

Lines # - Real PCT - Wanted PCT - Time Play
Normal Forward
1 - 31% - 35% - 15:53
2 - 30% - 35% - 15:38
3 - 21% - 25% - 10:55
4 - 18% - 5% - 9:27
Normal Defense
1 - 35% - 35% - 18:01
2 - 33% - 35% - 17:16
3 - 30% - 30% - 15:47
4 - 2% - 0% - 0:49
PP Forward
1 - 55% - 60% - 2:16
2 - 45% - 40% - 1:53
PP Defense
1 - 55% - 60% - 2:17
2 - 45% - 40% - 1:52
PK Forward
1 - 82% - 60% - 3:15
2 - 18% - 40% - 0:43
PK Defense
1 - 66% - 60% - 2:36
2 - 34% - 40% - 1:22
PK3 Forward
1 - 0% - 60%
2 - 0% - 40%
PK3 Defense
1 - 0% - 60%
2 - 0% - 40%
44 Forward
1 - 0% - 60%
2 - 0% - 40%
44 Defense
1 - 0% - 60%
2 - 0% - 40%
Last Minute Offensive  - 0:00
Last Minute Defensive  - 0:00
Total
Forward - 60:00
Defense - 60:00

% Time on Ice - Rangers

Lines # - Real PCT - Wanted PCT - Time Play
Normal Forward
1 - 27% - 30% - 13:52
2 - 27% - 30% - 14:13
3 - 29% - 30% - 15:09
4 - 17% - 10% - 8:39
Normal Defense
1 - 40% - 40% - 20:57
2 - 33% - 30% - 17:03
3 - 23% - 20% - 11:59
4 - 4% - 10% - 1:54
PP Forward
1 - 55% - 60% - 2:12
2 - 45% - 40% - 1:46
PP Defense
1 - 59% - 60% - 2:20
2 - 41% - 40% - 1:38
PK Forward
1 - 73% - 60% - 3:01
2 - 27% - 40% - 1:08
PK Defense
1 - 61% - 60% - 2:33
2 - 39% - 40% - 1:36
PK3 Forward
1 - 0% - 60%
2 - 0% - 40%
PK3 Defense
1 - 0% - 60%
2 - 0% - 40%
44 Forward
1 - 0% - 60%
2 - 0% - 40%
44 Defense
1 - 0% - 60%
2 - 0% - 40%
Last Minute Offensive  - 0:00
Last Minute Defensive  - 0:00
Total
Forward - 60:00
Defense - 60:00

Play-by-Play

1st period


0:01 of 1st period - Anze Kopitar wins face-off versus Patrice Bergeron in neutral zone.
1:14 of 1st period - Wrist shot by Kyle Okposo.
1:14 of 1st period - Stopped by Philipp Grubauer without a rebound.
1:15 of 1st period - Peter Regin wins face-off versus Tomas Hertl in Kings zone.
1:26 of 1st period - Wrist shot by Patrick Marleau.
1:26 of 1st period - Goal by Patrick Marleau - Kings : 1 - Rangers : 0.
1:27 of 1st period - Maxime Sauvé wins face-off versus Anze Kopitar in neutral zone.
2:20 of 1st period - Off-side.
2:21 of 1st period - Gustav Nyquist wins face-off versus Brayden Point in neutral zone.
2:26 of 1st period - Slapshot by Patrice Bergeron.
2:26 of 1st period - Shot Misses the Net.
2:34 of 1st period - Snap shot by Patrice Bergeron.
2:34 of 1st period - Shot Hit the Post.
3:04 of 1st period - Snap shot by Milan Lucic.
3:04 of 1st period - Stopped by Philipp Grubauer with a rebound.
3:06 of 1st period - Slapshot by Mark Fistric.
3:06 of 1st period - Stopped by Philipp Grubauer without a rebound.
3:07 of 1st period - Sean Couturier wins face-off versus Anze Kopitar in Kings zone.
3:16 of 1st period - Victor Hedman is hit by Luke Schenn and loses puck.
3:33 of 1st period - Nathan MacKinnon is hit by Tomas Hertl.
3:39 of 1st period - Snap shot by Nathan MacKinnon.
3:39 of 1st period - Shot Misses the Net.
3:45 of 1st period - Snap shot by Chris Bourque.
3:45 of 1st period - Shot Misses the Net.
3:54 of 1st period - Icing by Dan Hamhuis.
3:55 of 1st period - Nathan MacKinnon wins face-off versus Maxime Sauvé in Kings zone.
4:06 of 1st period - Slapshot by Jaden Schwartz.
4:06 of 1st period - Stopped by Frederik Andersen with a rebound.
4:42 of 1st period - Dan Hamhuis is hit by Milan Lucic and loses puck.
5:44 of 1st period - Anze Kopitar is hit by Luke Schenn.
6:14 of 1st period - Tomas Hertl is hit by Kris Versteeg and loses puck.
6:47 of 1st period - Jeff Schultz is hit by Patrice Bergeron and loses puck.
7:50 of 1st period - Snap shot by Matt Read.
7:50 of 1st period - Stopped by Philipp Grubauer without a rebound.
7:51 of 1st period - Sean Couturier wins face-off versus Jaden Schwartz in Kings zone.
8:16 of 1st period - Luke Schenn is hit by Radko Gudas.
8:28 of 1st period - Cam Barker is hit by Nathan MacKinnon and loses puck.
8:43 of 1st period - Milan Lucic is hit by Jeff Schultz and loses puck.
9:52 of 1st period - Slapshot by Kyle Okposo.
9:52 of 1st period - Shot Misses the Net.
9:54 of 1st period - Snap shot by Patrik Nemeth.
9:54 of 1st period - Shot Misses the Net.
10:12 of 1st period - Slapshot by Milan Lucic.
10:12 of 1st period - Shot Blocked by Dan Hamhuis.
10:14 of 1st period - Slapshot by Matt Greene.
10:14 of 1st period - Stopped by Philipp Grubauer without a rebound.
10:15 of 1st period - Sean Couturier wins face-off versus Nathan MacKinnon in Kings zone.
10:46 of 1st period - Minor Penalty to Maxim Afinogenov for Hooking.
10:47 of 1st period - Matt Martin wins face-off versus Patrice Bergeron in Kings zone.
10:47 of 1st period - Matt Martin is hit by Jakob Silfverberg.
11:02 of 1st period - Wrist shot by Milan Lucic.
11:02 of 1st period - Shot Blocked by Jeff Schultz.
11:04 of 1st period - Snap shot by Jakob Silfverberg.
11:04 of 1st period - Shot Blocked by Jeff Schultz.
12:14 of 1st period - James Neal is hit by Anze Kopitar.
12:46 of 1st period - Penalty to Maxim Afinogenov is over, Maxim Afinogenov is back on ice.
13:57 of 1st period - Slapshot by Victor Hedman.
13:57 of 1st period - Deflect By Peter Regin.
13:57 of 1st period - Shot Blocked by Colten Teubert.
13:57 of 1st period - Puck is out of play.
13:58 of 1st period - Tomas Hertl wins face-off versus Peter Regin in Rangers zone.
14:12 of 1st period - Snap shot by Peter Regin.
14:12 of 1st period - Goal by Peter Regin - Kings : 2 - Rangers : 0.
14:13 of 1st period - Zack Kassian wins face-off versus Sean Couturier in neutral zone.
14:16 of 1st period - Wrist shot by Anze Kopitar.
14:16 of 1st period - Goal by Anze Kopitar - Kings : 3 - Rangers : 0.
14:17 of 1st period - Jaden Schwartz wins face-off versus Sean Couturier in neutral zone.
14:21 of 1st period - Minor Penalty to Jakob Silfverberg for Boarding.
14:22 of 1st period - Patrice Bergeron wins face-off versus Nathan MacKinnon in Rangers zone.
16:21 of 1st period - Penalty to Jakob Silfverberg is over, Jakob Silfverberg is back on ice.
16:30 of 1st period - Off-side.
16:31 of 1st period - Tomas Hertl wins face-off versus Peter Regin in neutral zone.
17:23 of 1st period - Patrick Marleau is hit by Luke Schenn and loses puck.
17:49 of 1st period - Snap shot by Magnus Paajarvi-Svensson.
17:49 of 1st period - Deflect By Peter Regin.
17:49 of 1st period - Shot Misses the Net.
17:49 of 1st period - Puck is out of play.
17:50 of 1st period - Sean Couturier wins face-off versus Anze Kopitar in Kings zone.
18:19 of 1st period - Slapshot by Kris Versteeg.
18:19 of 1st period - Deflect By Sean Bergenheim.
18:19 of 1st period - Shot Misses the Net.
18:19 of 1st period - Puck is out of play.
18:20 of 1st period - Nathan MacKinnon wins face-off versus Chris Bourque in Rangers zone.
18:33 of 1st period - Wrist shot by Nathan MacKinnon.
18:33 of 1st period - Deflect By Luke Schenn.
18:33 of 1st period - Stopped by Frederik Andersen without a rebound.
18:34 of 1st period - Sean Couturier wins face-off versus Anze Kopitar in Rangers zone.
18:34 of 1st period - Sean Couturier is hit by Anze Kopitar.
19:22 of 1st period - Brayden Point is hit by Kyle Okposo and loses puck.
Goals for this period are 3 for Kings vs 0 for Rangers.
Shots for this period are 5 for Kings vs 5 for Rangers.

2nd period


0:01 of 2nd period - Anze Kopitar wins face-off versus Sean Couturier in neutral zone.
0:04 of 2nd period - Wrist shot by Anze Kopitar.
0:04 of 2nd period - Shot Misses the Net.
0:06 of 2nd period - Snap shot by Anze Kopitar.
0:06 of 2nd period - Stopped by Frederik Andersen without a rebound.
0:07 of 2nd period - Anze Kopitar wins face-off versus Sean Couturier in Rangers zone.
0:30 of 2nd period - Slapshot by Jaden Schwartz.
0:30 of 2nd period - Shot Blocked by Cam Barker.
0:36 of 2nd period - Wrist shot by Anze Kopitar.
0:36 of 2nd period - Goal by Anze Kopitar - Kings : 4 - Rangers : 0.
0:36 of 2nd period - Mike Condon enters game.
0:37 of 2nd period - Patrice Bergeron wins face-off versus Sean Bergenheim in neutral zone.
0:54 of 2nd period - Wrist shot by Patrice Bergeron.
0:54 of 2nd period - Goal by Patrice Bergeron - Kings : 4 - Rangers : 1.
0:55 of 2nd period - Kyle Okposo wins face-off versus Nathan MacKinnon in neutral zone.
1:05 of 2nd period - Slapshot by Kris Versteeg.
1:05 of 2nd period - Shot Misses the Net.
1:07 of 2nd period - Snap shot by Kris Versteeg.
1:07 of 2nd period - Shot Misses the Net.
1:09 of 2nd period - Wrist shot by Sean Bergenheim.
1:09 of 2nd period - Deflect By Cam Barker.
1:09 of 2nd period - Shot Misses the Net.
1:09 of 2nd period - Puck is out of play.
1:10 of 2nd period - Patrice Bergeron wins face-off versus Anze Kopitar in Rangers zone.
1:15 of 2nd period - Wrist shot by Cam Barker.
1:15 of 2nd period - Shot Misses the Net.
1:17 of 2nd period - Slapshot by Cam Barker.
1:17 of 2nd period - Stopped by Philipp Grubauer with a rebound.
1:19 of 2nd period - Slapshot by Cam Barker.
1:19 of 2nd period - Stopped by Philipp Grubauer without a rebound.
1:20 of 2nd period - Anze Kopitar wins face-off versus Patrice Bergeron in Kings zone.
1:20 of 2nd period - Anze Kopitar is hit by Cam Barker.
1:27 of 2nd period - Icing by Luke Schenn.
1:28 of 2nd period - Patrice Bergeron wins face-off versus Nathan MacKinnon in Rangers zone.
1:35 of 2nd period - Radko Gudas is hit by Patrice Bergeron and loses puck.
1:54 of 2nd period - Icing by Milan Lucic.
1:55 of 2nd period - Anze Kopitar wins face-off versus Patrice Bergeron in Rangers zone.
2:05 of 2nd period - Icing by Patrice Bergeron.
2:06 of 2nd period - Patrice Bergeron wins face-off versus Nathan MacKinnon in Rangers zone.
2:37 of 2nd period - Wrist shot by Patrice Bergeron.
2:37 of 2nd period - Stopped by Philipp Grubauer without a rebound.
2:38 of 2nd period - Tomas Hertl wins face-off versus Matt Martin in Kings zone.
2:43 of 2nd period - Wrist shot by Kyle Okposo.
2:43 of 2nd period - Shot Misses the Net.
2:54 of 2nd period - Slapshot by Luke Schenn.
2:54 of 2nd period - Shot Misses the Net.
3:08 of 2nd period - Snap shot by Magnus Paajarvi-Svensson.
3:08 of 2nd period - Stopped by Philipp Grubauer with a rebound.
3:53 of 2nd period - Snap shot by Milan Lucic.
3:53 of 2nd period - Stopped by Philipp Grubauer without a rebound.
3:54 of 2nd period - Tomas Hertl wins face-off versus Nathan MacKinnon in Kings zone.
5:07 of 2nd period - Wrist shot by Peter Regin.
5:07 of 2nd period - Shot Misses the Net.
5:35 of 2nd period - Morgan Rielly is hit by Tomas Hertl.
5:47 of 2nd period - Snap shot by Jaden Schwartz.
5:47 of 2nd period - Stopped by Mike Condon with a rebound.
5:57 of 2nd period - Zack Kassian is hit by Jakob Silfverberg and loses puck.
6:07 of 2nd period - Off-side.
6:08 of 2nd period - Patrice Bergeron wins face-off versus Brayden Point in neutral zone.
6:41 of 2nd period - Off-side.
6:42 of 2nd period - Sean Couturier wins face-off versus Nathan MacKinnon in neutral zone.
6:45 of 2nd period - Wrist shot by Jakob Silfverberg.
6:45 of 2nd period - Shot Blocked by Morgan Rielly.
6:54 of 2nd period - Snap shot by Nathan MacKinnon.
6:54 of 2nd period - Shot Blocked by Jakob Silfverberg.
6:56 of 2nd period - Wrist shot by Sean Bergenheim.
6:56 of 2nd period - Shot Blocked by Matt Greene.
7:32 of 2nd period - Wrist shot by Maxime Sauvé.
7:32 of 2nd period - Deflect By Zack Kassian.
7:32 of 2nd period - Shot Blocked by Anze Kopitar.
7:32 of 2nd period - Puck is out of play.
7:33 of 2nd period - Maxime Sauvé wins face-off versus Brayden Point in Kings zone.
7:36 of 2nd period - Wrist shot by Matt Read.
7:36 of 2nd period - Shot Misses the Net.
7:38 of 2nd period - Wrist shot by Matt Read.
7:38 of 2nd period - Stopped by Philipp Grubauer without a rebound.
7:39 of 2nd period - Maxim Afinogenov wins face-off versus Maxime Sauvé in Kings zone.
7:44 of 2nd period - Snap shot by Matt Martin.
7:44 of 2nd period - Stopped by Mike Condon with a rebound.
8:06 of 2nd period - Anze Kopitar is hit by Kyle Okposo and loses puck.
8:13 of 2nd period - Wrist shot by Tomas Hertl.
8:13 of 2nd period - Stopped by Philipp Grubauer without a rebound.
8:14 of 2nd period - Sean Couturier wins face-off versus Nathan MacKinnon in Kings zone.
8:48 of 2nd period - Zack Kassian is hit by Kyle Okposo.
9:51 of 2nd period - Snap shot by Kris Versteeg.
9:51 of 2nd period - Shot Misses the Net.
9:53 of 2nd period - Slapshot by Dan Hamhuis.
9:53 of 2nd period - Shot Misses the Net.
10:03 of 2nd period - Gustav Nyquist is hit by Morgan Rielly and loses puck.
10:12 of 2nd period - Anze Kopitar is hit by Patrice Bergeron and loses puck.
10:29 of 2nd period - Slapshot by Tomas Hertl.
10:29 of 2nd period - Stopped by Philipp Grubauer without a rebound.
10:30 of 2nd period - Tomas Hertl wins face-off versus Brayden Point in Kings zone.
10:37 of 2nd period - Wrist shot by Chris Bourque.
10:37 of 2nd period - Shot Misses the Net.
10:49 of 2nd period - Wrist shot by Kyle Okposo.
10:49 of 2nd period - Shot Misses the Net.
11:41 of 2nd period - Wrist shot by Kyle Okposo.
11:41 of 2nd period - Shot Misses the Net.
11:43 of 2nd period - Backhand shot by Colten Teubert.
11:43 of 2nd period - Stopped by Philipp Grubauer with a rebound.
11:45 of 2nd period - Slapshot by Colten Teubert.
11:45 of 2nd period - Shot Blocked by Victor Hedman.
11:47 of 2nd period - Slapshot by Patrik Nemeth.
11:47 of 2nd period - Shot Misses the Net.
11:49 of 2nd period - Wrist shot by Chris Bourque.
11:49 of 2nd period - Stopped by Philipp Grubauer with a rebound.
11:51 of 2nd period - Backhand shot by Tomas Hertl.
11:51 of 2nd period - Shot Blocked by Victor Hedman.
11:53 of 2nd period - Snap shot by Patrik Nemeth.
11:53 of 2nd period - Deflect By Radko Gudas.
11:53 of 2nd period - Stopped by Philipp Grubauer with a rebound.
11:55 of 2nd period - Snap shot by Tomas Hertl.
11:55 of 2nd period - Stopped by Philipp Grubauer with a rebound.
11:57 of 2nd period - Wrist shot by Chris Bourque.
11:57 of 2nd period - Shot Blocked by Radko Gudas.
11:59 of 2nd period - Wrist shot by Kyle Okposo.
11:59 of 2nd period - Shot Misses the Net.
12:25 of 2nd period - Slapshot by Kyle Okposo.
12:25 of 2nd period - Shot Misses the Net.
12:31 of 2nd period - Snap shot by Tomas Hertl.
12:31 of 2nd period - Shot Blocked by Victor Hedman.
12:33 of 2nd period - Wrist shot by Kyle Okposo.
12:33 of 2nd period - Shot Misses the Net.
12:35 of 2nd period - Slapshot by Patrik Nemeth.
12:35 of 2nd period - Shot Misses the Net.
12:37 of 2nd period - Snap shot by Chris Bourque.
12:37 of 2nd period - Shot Blocked by Brayden Point.
12:39 of 2nd period - Slapshot by Colten Teubert.
12:39 of 2nd period - Stopped by Philipp Grubauer without a rebound.
12:40 of 2nd period - Nathan MacKinnon wins face-off versus Sean Couturier in Kings zone.
13:12 of 2nd period - Snap shot by Jaden Schwartz.
13:12 of 2nd period - Shot Blocked by Cam Barker.
14:17 of 2nd period - Wrist shot by Jakob Silfverberg.
14:17 of 2nd period - Stopped by Philipp Grubauer with a rebound.
14:19 of 2nd period - Slapshot by Mark Fistric.
14:19 of 2nd period - Stopped by Philipp Grubauer without a rebound.
14:20 of 2nd period - Nathan MacKinnon wins face-off versus Milan Lucic in Kings zone.
14:32 of 2nd period - Slapshot by Nathan MacKinnon.
14:32 of 2nd period - Shot Blocked by Patrice Bergeron.
14:59 of 2nd period - Sean Couturier is hit by Jeff Schultz and loses puck.
15:10 of 2nd period - T.J. Oshie is hit by Maxime Sauvé and loses puck.
15:34 of 2nd period - Mark Fistric is hit by Kris Versteeg and loses puck.
15:42 of 2nd period - Minor Penalty to Mark Fistric for Tripping.
15:43 of 2nd period - Nathan MacKinnon wins face-off versus Patrice Bergeron in Rangers zone.
15:43 of 2nd period - Slapshot by Jaden Schwartz.
15:43 of 2nd period - Shot Misses the Net.
15:45 of 2nd period - Snap shot by Zack Kassian.
15:45 of 2nd period - Shot Misses the Net.
15:47 of 2nd period - Backhand shot by Nathan MacKinnon.
15:47 of 2nd period - Shot Blocked by Matt Greene.
15:49 of 2nd period - Slapshot by Victor Hedman.
15:49 of 2nd period - Shot Blocked by Cam Barker.
15:51 of 2nd period - Snap shot by Zack Kassian.
15:51 of 2nd period - Shot Misses the Net.
15:53 of 2nd period - Snap shot by Zack Kassian.
15:53 of 2nd period - Goal by Zack Kassian - Kings : 5 - Rangers : 1.
15:54 of 2nd period - Anze Kopitar wins face-off versus Sean Couturier in neutral zone.
16:13 of 2nd period - Jeff Schultz is hit by Cam Barker and loses puck.
16:26 of 2nd period - Patrice Bergeron is hit by Nathan MacKinnon and loses puck.
16:35 of 2nd period - Snap shot by Nathan MacKinnon.
16:35 of 2nd period - Stopped by Mike Condon with a rebound.
16:49 of 2nd period - Wrist shot by Chris Bourque.
16:49 of 2nd period - Stopped by Philipp Grubauer with a rebound.
16:51 of 2nd period - Wrist shot by Chris Bourque.
16:51 of 2nd period - Stopped by Philipp Grubauer without a rebound.
16:52 of 2nd period - Sean Couturier wins face-off versus Anze Kopitar in Kings zone.
16:53 of 2nd period - Wrist shot by James Neal.
16:53 of 2nd period - Shot Misses the Net.
16:59 of 2nd period - Matt Greene is hit by Zack Kassian.
17:46 of 2nd period - Slapshot by Matt Martin.
17:46 of 2nd period - Stopped by Mike Condon without a rebound.
17:47 of 2nd period - Sean Couturier wins face-off versus Anze Kopitar in Rangers zone.
17:59 of 2nd period - Off-side.
18:00 of 2nd period - Sean Bergenheim wins face-off versus Sean Couturier in neutral zone.
18:09 of 2nd period - Wrist shot by Kris Versteeg.
18:09 of 2nd period - Stopped by Mike Condon without a rebound.
18:10 of 2nd period - Nathan MacKinnon wins face-off versus Sean Couturier in Rangers zone.
18:15 of 2nd period - Wrist shot by Kris Versteeg.
18:15 of 2nd period - Goal by Kris Versteeg - Kings : 6 - Rangers : 1.
18:16 of 2nd period - James Neal wins face-off versus Nathan MacKinnon in neutral zone.
18:31 of 2nd period - Slapshot by Sean Bergenheim.
18:31 of 2nd period - Stopped by Mike Condon without a rebound.
18:32 of 2nd period - Anze Kopitar wins face-off versus Tomas Hertl in Rangers zone.
18:41 of 2nd period - Snap shot by Anze Kopitar.
18:41 of 2nd period - Shot Misses the Net.
18:48 of 2nd period - Minor Penalty to Jaden Schwartz for Boarding.
18:49 of 2nd period - Patrice Bergeron wins face-off versus Matt Martin in Kings zone.
Goals for this period are 3 for Kings vs 1 for Rangers.
Shots for this period are 10 for Kings vs 18 for Rangers.

3rd period


0:01 of 3rd period - Maxim Afinogenov wins face-off versus Patrice Bergeron in neutral zone.
0:30 of 3rd period - Snap shot by James Neal.
0:30 of 3rd period - Stopped by Philipp Grubauer with a rebound.
0:32 of 3rd period - Snap shot by James Neal.
0:32 of 3rd period - Shot Blocked by Jeff Schultz.
0:34 of 3rd period - Slapshot by Tomas Hertl.
0:34 of 3rd period - Stopped by Philipp Grubauer with a rebound.
0:48 of 3rd period - Penalty to Jaden Schwartz is over, Jaden Schwartz is back on ice.
0:58 of 3rd period - Snap shot by Maxime Sauvé.
0:58 of 3rd period - Stopped by Philipp Grubauer with a rebound.
1:20 of 3rd period - Snap shot by Sean Bergenheim.
1:20 of 3rd period - Stopped by Mike Condon with a rebound.
1:28 of 3rd period - Wrist shot by Nathan MacKinnon.
1:28 of 3rd period - Shot Blocked by Mark Fistric.
2:41 of 3rd period - Hampus Lindholm is hit by Sean Couturier and loses puck.
4:32 of 3rd period - Wrist shot by Peter Regin.
4:32 of 3rd period - Stopped by Mike Condon without a rebound.
4:33 of 3rd period - Tomas Hertl wins face-off versus Nathan MacKinnon in Rangers zone.
4:46 of 3rd period - Slapshot by Kris Versteeg.
4:46 of 3rd period - Stopped by Mike Condon with a rebound.
4:48 of 3rd period - Slapshot by Morgan Rielly.
4:48 of 3rd period - Stopped by Mike Condon without a rebound.
4:49 of 3rd period - Patrice Bergeron wins face-off versus Anze Kopitar in Rangers zone.
5:01 of 3rd period - Off-side.
5:02 of 3rd period - Sean Bergenheim wins face-off versus Tomas Hertl in neutral zone.
5:42 of 3rd period - Snap shot by Patrice Bergeron.
5:42 of 3rd period - Shot Misses the Net.
6:33 of 3rd period - Minor Penalty to Gustav Nyquist for Tripping.
6:34 of 3rd period - Patrice Bergeron wins face-off versus Brayden Point in Rangers zone.
8:33 of 3rd period - Penalty to Gustav Nyquist is over, Gustav Nyquist is back on ice.
8:38 of 3rd period - Kyle Okposo is hit by Maxim Afinogenov and loses puck.
8:45 of 3rd period - Snap shot by Maxim Afinogenov.
8:45 of 3rd period - Deflect By Matt Martin.
8:45 of 3rd period - Shot Misses the Net.
8:45 of 3rd period - Puck is out of play.
8:46 of 3rd period - Chris Bourque wins face-off versus Peter Regin in Rangers zone.
8:50 of 3rd period - Off-side.
8:51 of 3rd period - Peter Regin wins face-off versus Tomas Hertl in neutral zone.
8:54 of 3rd period - Matt Greene is hit by Radko Gudas and loses puck.
9:23 of 3rd period - Snap shot by Zack Kassian.
9:23 of 3rd period - Stopped by Mike Condon with a rebound.
9:25 of 3rd period - Wrist shot by Zack Kassian.
9:25 of 3rd period - Stopped by Mike Condon with a rebound.
10:10 of 3rd period - Slapshot by Jeff Schultz.
10:10 of 3rd period - Shot Blocked by Sean Couturier.
10:24 of 3rd period - Wrist shot by Matt Read.
10:24 of 3rd period - Shot Blocked by Morgan Rielly.
10:26 of 3rd period - Slapshot by Patrik Nemeth.
10:26 of 3rd period - Stopped by Philipp Grubauer without a rebound.
10:27 of 3rd period - Nathan MacKinnon wins face-off versus Maxime Sauvé in Kings zone.
10:36 of 3rd period - Slapshot by Radko Gudas.
10:36 of 3rd period - Shot Blocked by Colten Teubert.
10:40 of 3rd period - Wrist shot by Sean Bergenheim.
10:40 of 3rd period - Shot Misses the Net.
11:08 of 3rd period - Slapshot by Matt Read.
11:08 of 3rd period - Stopped by Philipp Grubauer with a rebound.
11:16 of 3rd period - Wrist shot by Magnus Paajarvi-Svensson.
11:16 of 3rd period - Goal by Magnus Paajarvi-Svensson - Kings : 6 - Rangers : 2.
11:17 of 3rd period - Patrice Bergeron wins face-off versus Nathan MacKinnon in neutral zone.
11:20 of 3rd period - Snap shot by Patrice Bergeron.
11:20 of 3rd period - Goal by Patrice Bergeron - Kings : 6 - Rangers : 3.
11:21 of 3rd period - Milan Lucic wins face-off versus Nathan MacKinnon in neutral zone.
11:26 of 3rd period - Snap shot by Luke Schenn.
11:26 of 3rd period - Deflect By Patrice Bergeron.
11:26 of 3rd period - Shot Misses the Net.
11:26 of 3rd period - Puck is out of play.
11:27 of 3rd period - Patrice Bergeron wins face-off versus Nathan MacKinnon in Kings zone.
11:32 of 3rd period - Snap shot by Milan Lucic.
11:32 of 3rd period - Stopped by Philipp Grubauer with a rebound.
12:45 of 3rd period - Wrist shot by Maxim Afinogenov.
12:45 of 3rd period - Stopped by Mike Condon with a rebound.
12:47 of 3rd period - Wrist shot by Brayden Point.
12:47 of 3rd period - Shot Blocked by Matt Greene.
12:49 of 3rd period - Snap shot by Brayden Point.
12:49 of 3rd period - Shot Misses the Net.
13:07 of 3rd period - Wrist shot by Gustav Nyquist.
13:07 of 3rd period - Stopped by Philipp Grubauer with a rebound.
13:09 of 3rd period - Slapshot by Mark Fistric.
13:09 of 3rd period - Stopped by Philipp Grubauer with a rebound.
13:11 of 3rd period - Wrist shot by Patrice Bergeron.
13:11 of 3rd period - Shot Misses the Net.
13:25 of 3rd period - Snap shot by T.J. Oshie.
13:25 of 3rd period - Goal by T.J. Oshie - Kings : 7 - Rangers : 3.
13:26 of 3rd period - Patrice Bergeron wins face-off versus Anze Kopitar in neutral zone.
13:55 of 3rd period - Cam Barker is hit by Victor Hedman and loses puck.
14:42 of 3rd period - Slapshot by Matt Read.
14:42 of 3rd period - Shot Blocked by Peter Regin.
15:48 of 3rd period - Brayden Point is hit by James Neal and loses puck.
15:59 of 3rd period - Snap shot by Colten Teubert.
15:59 of 3rd period - Shot Blocked by Brayden Point.
16:05 of 3rd period - Patrik Nemeth is hit by Brayden Point.
16:37 of 3rd period - Off-side.
16:38 of 3rd period - Anze Kopitar wins face-off versus Patrice Bergeron in neutral zone.
16:53 of 3rd period - Radko Gudas is hit by Gustav Nyquist and loses puck.
17:08 of 3rd period - Slapshot by Gustav Nyquist.
17:08 of 3rd period - Goal by Gustav Nyquist - Kings : 7 - Rangers : 4.
17:09 of 3rd period - Tomas Hertl wins face-off versus Nathan MacKinnon in neutral zone.
18:09 of 3rd period - Snap shot by Zack Kassian.
18:09 of 3rd period - Stopped by Mike Condon without a rebound.
18:10 of 3rd period - Brayden Point wins face-off versus Tomas Hertl in Rangers zone.
18:13 of 3rd period - Snap shot by Matt Martin.
18:13 of 3rd period - Stopped by Mike Condon with a rebound.
18:15 of 3rd period - Slapshot by Radko Gudas.
18:15 of 3rd period - Shot Misses the Net.
18:17 of 3rd period - Snap shot by Maxim Afinogenov.
18:17 of 3rd period - Goal by Maxim Afinogenov - Kings : 8 - Rangers : 4.
18:18 of 3rd period - Nathan MacKinnon wins face-off versus Tomas Hertl in neutral zone.
18:38 of 3rd period - Cam Barker is hit by Kris Versteeg and loses puck.
18:51 of 3rd period - Snap shot by Maxim Afinogenov.
18:51 of 3rd period - Shot Misses the Net.
18:53 of 3rd period - Snap shot by Dan Hamhuis.
18:53 of 3rd period - Shot Blocked by Chris Bourque.
19:19 of 3rd period - Snap shot by Kyle Okposo.
19:19 of 3rd period - Stopped by Philipp Grubauer with a rebound.
19:21 of 3rd period - Snap shot by Chris Bourque.
19:21 of 3rd period - Shot Misses the Net.
Goals for this period are 2 for Kings vs 3 for Rangers.
Shots for this period are 11 for Kings vs 12 for Rangers.